 Dungeon Crawl Stone Soup version 0.30.1-9-gdf580d7c3d (webtiles) character file.

Game seed: 3974511668142312528

310 leafyfresh the Covert (level 6, -4/53 HPs)
             Began as a Gnoll Delver on Oct 12, 2023.
             Was an Initiate of Gozag.
             Slain by a gnoll
             ... wielding a +0 flail
              (8 damage)
             ... on level 2 of the Dungeon.
             The game lasted 00:04:10 (2827 turns).

leafyfresh the Covert (Gnoll Delver)                Turns: 2827, Time: 00:04:11

Health: -4/53      AC:  3    Str: 12    XL:     6   Next: 41%
Magic:  9/9        EV: 13    Int:  9    God:    Gozag
Gold:   544        SH:  0    Dex: 15    Spells: 8/9 levels left

rFire   + . .        a - +0 short sword
rCold   . . .        (no shield)
rNeg    . . .        b - +0 leather armour
rPois   .            (no helmet)
rElec   .            (no cloak)
rCorr   .            (no gloves)
SInv    .            (no boots)
Will    +....        (no amulet)
Stlth   ++++         l - ring of willpower
HPRegen 0.28/turn    r - ring of protection from fire
MPRegen 0.11/turn

%: no passive effects
@: gold aura
A: fangs 1, strong nose, distributed training
a: Renounce Religion, Potion Petition, Call Merchant, Bribe Branch


You were on level 2 of the Dungeon.
You worshipped Gozag.
Gozag was pleased with you.
You visited 1 branch of the dungeon, and saw 5 of its levels.

You collected 569 gold pieces.
You paid 25 gold pieces to Gozag.

Inventory:

Hand Weapons
 a - a +0 short sword (weapon)
 j - a +0 sling
 o - a +0 flail of draining
Armour
 b - a +0 leather armour (worn)
Jewellery
 l - a ring of willpower (left hand)
 q - a ring of protection from fire
 r - a ring of protection from fire (right hand)
 x - a ring of flight
Wands
 g - a wand of digging (3)
 s - a wand of charming (15)
Scrolls
 c - a scroll of fog
 d - 3 scrolls of magic mapping
 e - 2 scrolls of teleportation {unknown}
 h - a scroll of amnesia {unknown}
 m - a scroll of vulnerability {unknown}
 n - a scroll of identify {unknown}
 u - a scroll of enchant weapon {unknown}
 v - 2 scrolls of brand weapon {unknown}
 w - a scroll of blinking {unknown}
 y - a scroll of silence {unknown}
 B - a scroll of acquirement {unknown}
 E - a scroll of enchant armour {unknown}
Potions
 f - a potion of berserk rage {unknown}
 i - 2 potions of attraction {unknown}
 k - a potion of flight {unknown}
 p - a potion of ambrosia {unknown}
 t - 2 potions of invisibility {unknown}
 z - 2 potions of magic {unknown}
 A - a potion of brilliance {unknown}
 C - 2 potions of might {unknown}
 D - a potion of curing {unknown}
 F - a potion of heal wounds {unknown}


   Skills:
 + Level 6.8 Fighting
 + Level 5.0 Short Blades
 + Level 2.0 Long Blades
 + Level 2.0 Axes
 + Level 2.0 Maces & Flails
 + Level 2.0 Polearms
 + Level 2.0 Staves
 + Level 2.0 Ranged Weapons
 + Level 2.0 Throwing
 + Level 2.0 Armour
 + Level 5.0 Dodging
 + Level 9.8 Stealth
 + Level 2.0 Shields
 + Level 2.0 Unarmed Combat
 + Level 2.0 Spellcasting
 + Level 1.6 Conjurations
 + Level 1.6 Hexes
 + Level 1.6 Summonings
 + Level 1.6 Necromancy
 + Level 1.6 Translocations
 + Level 1.6 Transmutations
 + Level 1.6 Fire Magic
 + Level 1.6 Ice Magic
 + Level 1.6 Air Magic
 + Level 1.6 Earth Magic
 + Level 1.6 Poison Magic
 + Level 2.2 Invocations
 + Level 2.0 Evocations


You had 8 spell levels left.
You knew the following spells:

 Your Spells              Type           Power      Damage    Failure   Level
a - Beastly Appendage     Tmut           6%         N/A       22%         1

Your spell library contained the following spells:

 Spells                   Type           Power      Damage    Failure   Level
 Wereblood                Tmut           3%         N/A       32%         2
 Spider Form              Tmut/Pois      3%         N/A       54%         3
 Borgnjor's Vile Clutch   Necr/Erth      1%         N/A       99%         5
 Death Channel            Necr           1%         N/A       100%        6
 Animate Dead             Necr           Unusable   N/A       N/A         4

Dungeon Overview and Level Annotations

Branches:
Dungeon (5/15)
 Temple: D:4-7

Altars:
Gozag
Trog
Xom
Zin

Annotations:
D:4 Dowan, Duvessa


Innate Abilities, Weirdness & Mutations

You have very sharp teeth.
Your uncanny sense of smell can sniff out nearby items.
Your experience applies equally to all skills.


Message History

The gnoll barely misses you. The gnoll hits you with a +0 whip.
You hit the gnoll.
The gnoll is severely wounded.
Unknown command.
The gnoll hits you from afar with a +0 spear!
The gnoll barely misses you.
You climb upwards.
There is a stone staircase leading down here.
You hit the gnoll.
You kill the gnoll!
The gnoll closely misses you.
You hit the gnoll but do no damage. Your punch misses the gnoll.
You bite the gnoll, but do no damage. The gnoll hits you with a +0 flail!
You are too injured to fight recklessly!
You are too injured to fight recklessly!
Unknown command.
You hit the gnoll.
The gnoll is moderately wounded.
The gnoll hits you but does no damage.
You hit the gnoll but do no damage.
The gnoll is moderately wounded.
You closely miss the gnoll.
The gnoll is moderately wounded.
The gnoll barely misses you.
You hit the gnoll but do no damage. You bite the gnoll, but do no damage.
The gnoll is moderately wounded.
The gnoll hits you with a +0 flail!
* * * LOW HITPOINT WARNING * * *
You barely miss the gnoll. You bite the gnoll, but do no damage.
The gnoll is moderately wounded.
The gnoll hits you with a +0 flail!
* * * LOW HITPOINT WARNING * * *
You hit the gnoll.
The gnoll is severely wounded.
Unknown command.
You closely miss the gnoll.
The gnoll is severely wounded.
The gnoll hits you with a +0 flail!
You die...
Your body crumbles into a pile of gold.

#.# #.# #.# #.# #.# #.# #.#
#.# #.# ##.## #.# ####...#
###########.# #......#
..........#.###### #......#
...............g@# #.._...#
.......)..######$######......#
.......(..### #.............##
####........###..############
#..................#
#..............#<..#
#..............#######
#........###.........#
#........# #..######.#


You could see a gnoll.

Vanquished Creatures
  A kobold brigand (D:4)
  A jelly (D:5)
  2 hounds (D:5)
  A gnoll (D:2)
  6 adders
  A shadow imp (D:5)
  3 worms (D:2)
  2 dart slugs (D:2)
  4 orcs (D:4)
  3 ball pythons
  9 bats
  2 endoplasms
  3 giant cockroaches
  4 goblins
  3 hobgoblins
  4 jackals (D:3)
  6 kobolds
  4 quokkas
  3 frilled lizards
  6 rats
68 creatures vanquished.

Vanquished Creatures (others)
  A bat (D:3)
1 creature vanquished.

Grand Total: 69 creatures vanquished

Notes
Turn   | Place    | Note
-------+----------+-------------------------------------------
     0 | D:5      | Reached skill level 9 in Stealth
     0 | D:5      | leafyfresh the Gnoll Delver began the quest for the Orb.
     0 | D:5      | Reached XP level 1. HP: 23/23 MP: 1/1
    26 | D:5      | Reached XP level 2. HP: 23/29 MP: 2/2
    30 | D:5      | Noticed a scorpion
   137 | D:5      | Reached skill level 1 in Long Blades
   137 | D:5      | Reached skill level 1 in Axes
   137 | D:5      | Reached skill level 1 in Maces & Flails
   137 | D:5      | Reached skill level 1 in Polearms
   137 | D:5      | Reached skill level 1 in Staves
   137 | D:5      | Reached skill level 1 in Ranged Weapons
   137 | D:5      | Reached skill level 1 in Throwing
   137 | D:5      | Reached skill level 1 in Armour
   137 | D:5      | Reached skill level 1 in Shields
   137 | D:5      | Reached skill level 1 in Unarmed Combat
   137 | D:5      | Reached skill level 1 in Spellcasting
   137 | D:5      | Reached skill level 1 in Invocations
   137 | D:5      | Reached skill level 1 in Evocations
   137 | D:5      | Reached XP level 3. HP: 35/35 MP: 2/4
   224 | D:5      | Reached skill level 1 in Conjurations
   224 | D:5      | Reached skill level 1 in Hexes
   224 | D:5      | Reached skill level 1 in Summonings
   224 | D:5      | Reached skill level 1 in Necromancy
   224 | D:5      | Reached skill level 1 in Translocations
   224 | D:5      | Reached skill level 1 in Transmutations
   224 | D:5      | Reached skill level 1 in Fire Magic
   224 | D:5      | Reached skill level 1 in Ice Magic
   224 | D:5      | Reached skill level 1 in Air Magic
   224 | D:5      | Reached skill level 1 in Earth Magic
   224 | D:5      | Reached skill level 1 in Poison Magic
   224 | D:5      | Reached XP level 4. HP: 41/41 MP: 5/5
   238 | D:5      | Noticed an ice beast
   252 | D:5      | Reached XP level 5. HP: 43/47 MP: 5/7
   336 | D:4      | Found a bloodstained altar of Trog.
   403 | D:4      | Noticed a kobold brigand
   410 | D:4      | Killed a kobold brigand
   463 | D:4      | Found an opulent altar of Gozag.
   474 | D:4      | Became a worshipper of Gozag Ym Sagoz the Greedy
   552 | D:4      | Noticed Duvessa
   554 | D:4      | Noticed Dowan
   736 | D:3      | Reached XP level 6. HP: 53/53 MP: 8/8
   874 | D:3      | Noticed an angel
   875 | D:3      | Found a shimmering altar of Xom.
   875 | D:3      | Found a glowing silver altar of Zin.
  1091 | D:2      | Found an opulent altar of Gozag.
  1462 | D:2      | Reached skill level 5 in Short Blades
  1462 | D:2      | Reached skill level 5 in Dodging
  1531 | D:2      | Learned a level 1 spell: Beastly Appendage
  2827 | D:2      | Slain by a gnoll

Illustrated notes

Levels and vault maps discovered:
D:1:      dpeg_arrival_leaves_temple_mockup, layout_basic
D:2:      layout_basic, basic_altar
D:3:      layout_rooms, grunt_temple_overflow_order_and_chaos_1
D:4:      layout_gridville, lemuel_coloured_pillars_altar,
          grunt_gozag_breadcrumbs, minmay_misc_feat_alley,
          uniq_crazy_yiuf_cottage, uniq_duvessa
D:5:      layout_basic, kennysheep_generic_room_13

Skill      XL: |  1  2  3  4  5  6 |
---------------+-------------------+-----
Stealth        | |  9.8
Long Blades    | 1 2 |  2.0
Axes           | 1 2 |  2.0
Maces & Flails | 1 2 |  2.0
Polearms       | 1 2 |  2.0
Staves         | 1 2 |  2.0
Ranged Weapons | 1 2 |  2.0
Throwing       | 1 2 |  2.0
Armour         | 1 2 |  2.0
Shields        | 1 2 |  2.0
Unarmed Combat | 1 2 |  2.0
Spellcasting   | 1 2 |  2.0
Invocations    | 1 2 |  2.2
Evocations     | 1 2 |  2.0
Conjurations   | 1 |  1.6
Hexes          | 1 |  1.6
Summonings     | 1 |  1.6
Necromancy     | 1 |  1.6
Translocations | 1 |  1.6
Transmutations | 1 |  1.6
Fire Magic     | 1 |  1.6
Ice Magic      | 1 |  1.6
Air Magic      | 1 |  1.6
Earth Magic    | 1 |  1.6
Poison Magic   | 1 |  1.6
Short Blades   | 5 |  5.0
Dodging        | 5 |  5.0
Fighting       | |  6.8

Action                     |  1- 3 |  4- 6 || total
---------------------------+-------+-------++-------
  Melee: Short sword       |    40 |   206 ||   246
         Bite              |     3 |    21 ||    24
         Punch             |       |     3 ||     3
    Use: Scroll            |       |     1 ||     1
         Potion            |       |     1 ||     1
   Stab: Sleeping          |     3 |    22 ||    25
         Distracted        |       |     1 ||     1
 Armour: Leather armour    |     6 |    39 ||    45
  Dodge: Dodged            |    18 |    99 ||   117
